 Dungeon Crawl Stone Soup version 0.16.1-11-g651b585 (webtiles) character file.

504 Magnus the Skirmisher (level 6, -1/44 HPs)
             Began as a Demonspawn Skald on Apr 5, 2015.
             Killed from afar by a kobold (11 damage)
             ... with a wand of draining
             ... on level 4 of the Dungeon.
             The game lasted 00:39:21 (5800 turns).

Magnus the Skirmisher (Demonspawn Skald)            Turns: 5800, Time: 00:39:22

Health: -1/44      AC:  9    Str: 14    XL:     6   Next: 96%
Magic:  8/10       EV: 10    Int: 13    God:
Gold:   124        SH:  3    Dex: 13    Spells: 3 memorised, 2 levels left

rFire  . . .     SeeInvis .     a - +1 spear
rCold  . . .     Rnd*Rage +     t - +1 leather armour {rPois}
rNeg   . . .     SustAb   .     (no shield)
rPois  +         Gourm    .     (no helmet)
rElec  .         Spirit   .     m - +0 cloak
rCorr  .         Warding  .     (no gloves)
rMut   .         Stasis   .     k - +0 pair of boots
MR     .....                    (no amulet)
Stlth  ++........               (no ring)
                                o - ring of stealth

@: heavily drained, not resistant to hostile enchantments, unstealthy
A: claws 1, large bone plates 2, berserk 1, frail 1, powered by death 2, slow
healing 1
a: no special abilities


You were on level 4 of the Dungeon.
You were hungry.

You visited 1 branch of the dungeon, and saw 4 of its levels.

You collected 124 gold pieces.

Inventory:

Hand weapons
 a - a +1 spear (weapon)
 i - a +6 hand axe of chopping
 r - a +0 dagger of electrocution
 s - a +0 trident
Missiles
 n - 4 poisoned tomahawks (quivered)
Armour
 f - a +1 ring mail of cold resistance
 k - a +0 pair of boots (worn)
 m - a +0 cloak (worn)
 p - a +2 ring mail of magic resistance
 t - a +1 leather armour of poison resistance (worn)
Jewellery
 o - a ring of stealth (left claw)
Magical devices
 l - a wand of confusion (0)
Scrolls
 e - 3 scrolls of remove curse
 h - 2 scrolls of identify
 v - a scroll of fog {unknown}
 x - a scroll of immolation {unknown}
Potions
 g - 2 potions of restore abilities
 j - 3 potions of poison {unknown}
 q - a potion of heal wounds {unknown}
 w - a potion of flight {unknown}
Books
 b - a book of the Warp

   Spells                             Type                      Level
   a - Recall                         Summoning/Translocation      3
   b - Control Teleport               Charms/Translocation         4
   c - Force Lance                    Conjuration/Translocation    4
   d - Phase Shift                    Translocation                5
   e - Warp Weapon                    Charms/Translocation         5
   f - Gell's Gravitas                Hexes/Translocation          5
   g - Summon Forest                  Summoning/Translocation      5
 c - a book of Battle

   Spells                             Type                      Level
   a - Infusion                       Charms                       1
   b - Shroud of Golubria             Charms/Translocation         2
   c - Song of Slaying                Charms                       2
   d - Spectral Weapon                Hexes/Charms                 3
   e - Regeneration                   Charms/Necromancy            3
Comestibles
 d - 2 bread rations
 u - a meat ration


   Skills:
 + Level 4.5(2.8) Fighting
 + Level 4.3(2.5) Polearms
 - Level 0.8(0.0) Armour
 - Level 0.8(0.0) Dodging
 - Level 2.0(0.3) Spellcasting
 + Level 4.5(2.8) Charms


You had 2 spell levels left.
You knew the following spells:

 Your Spells              Type           Power        Failure   Level  Hunger
a - Infusion              Chrm           #.....       14%         1    ##.....
b - Spectral Weapon       Hex/Chrm       #.......     67%         3    ####...
c - Regeneration          Chrm/Necr      #.........   67%         3    ####...


Dungeon Overview and Level Annotations

Branches:
Dungeon (4/15)
 Temple: D:4-7

Altars:

Annotations:
D:4 Sigmund


Innate Abilities, Weirdness & Mutations

You have sharp fingernails.
You are mostly covered in large bone plates (AC +3, SH +3).
You can steal the life force of defeated enemies.
You tend to lose your temper in combat.
You are frail (-10% HP).
You heal slowly when monsters are visible.


Message History

The orc priest invokes the aid of Beogh against you.
Pain shoots through your body!
Are you sure you want to stumble around while confused and next to your spectral weapon? (Use ctrl+direction to attack without moving) Sigmund hits you from afar with a scythe of venom.
The orc priest hits you but does no damage.
The kobold zaps a wand.
The bolt of negative energy hits you!
You feel drained.
Ouch! That really hurt!
* * * LOW HITPOINT WARNING * * *
It is a wand of draining.
Are you sure you want to stumble around while confused and next to your spectral weapon?
You barely miss your spectral weapon. Sigmund barely misses you.
The orc priest hits you but does no damage.
The kobold zaps a wand.
The bolt of negative energy misses you.
Are you sure you want to stumble around while confused and next to your spectral weapon?
The orc priest barely misses your spectral weapon.
Are you sure you want to stumble around while confused and next to your spectral weapon?
You barely miss your spectral weapon.
You feel less confused.
The kobold zaps a wand.
The bolt of negative energy hits you!
You feel drained.
You die...

. # # .... .
# ... .# #
..g###.# # #.
....# #.
..#.#
#.##g#.##
#..Ko...##.##
#.@(@........
#.##<##......
#=..>.# ....
#..#### ..
#.. #.. #.#
#.


You could see Sigmund, an orc priest, a goblin, a kobold and a friendly spectral
spear.

Vanquished Creatures
  Edmund (D:3)
  An ogre (D:2)
  A hound (D:3)
  Crazy Yiuf (D:2)
  2 worker ants
  Ijyb (D:1)
  5 adders
  A giant mite (D:4)
  A worm (D:3)
  2 giant geckos
  2 oozes (D:2)
  14 orcs
  4 ball pythons
  6 giant cockroaches
  7 hobgoblins
  15 jackals
  8 kobolds
  A quokka (D:2)
  11 bats
  4 giant newts
  12 goblins
  6 rats
106 creatures vanquished.

Vanquished Creatures (others)
  5 spectral weapons
5 creatures vanquished.

Grand Total: 111 creatures vanquished

Notes
Turn   | Place    | Note
--------------------------------------------------------------
     0 | D:1      | Magnus, the Demonspawn Skald, began the quest for the Orb.
     0 | D:1      | Reached XP level 1. HP: 16/16 MP: 3/3
   259 | D:1      | Gained mutation: You are partially covered in large bone plates (AC +2, SH +2). [demonic ancestry]
   259 | D:1      | Reached XP level 2. HP: 23/23 MP: 4/4
   782 | D:1      | Reached skill level 3 in Charms
   782 | D:1      | Gained mutation: You are mostly covered in large bone plates (AC +3, SH +3). [demonic ancestry]
   782 | D:1      | Reached XP level 3. HP: 28/28 MP: 6/6
   787 | D:1      | Learned a level 3 spell: Spectral Weapon
  1203 | D:2      | Noticed Ijyb
  1479 | D:1      | Killed Ijyb
  1739 | D:2      | Gained mutation: You have sharp fingernails. [demonic ancestry]
  1739 | D:2      | Reached XP level 4. HP: 34/34 MP: 7/7
  1748 | D:2      | Learned a level 3 spell: Regeneration
  1799 | D:1      | Gained mutation: You heal slowly when monsters are visible. [potion of mutation]
  1799 | D:1      | Gained mutation: You are frail (-10% HP). [potion of mutation]
  1799 | D:1      | Gained mutation: You tend to lose your temper in combat. [potion of mutation]
  2167 | D:2      | Noticed Crazy Yiuf
  2563 | D:2      | Killed Crazy Yiuf
  3425 | D:3      | Gained mutation: You can steal the life force of nearby defeated enemies. [demonic ancestry]
  3425 | D:3      | Reached XP level 5. HP: 31/36 MP: 9/9
  4393 | D:4      | Noticed Sigmund
  4510 | D:4      | Noticed an ogre
  5267 | D:2      | Killed an ogre
  5267 | D:2      | Reached skill level 4 in Fighting
  5267 | D:2      | Gained mutation: You can steal the life force of defeated enemies. [demonic ancestry]
  5267 | D:2      | Reached XP level 6. HP: 13/43 MP: 2/10
  5441 | D:4      | Noticed Edmund
  5684 | D:3      | Killed Edmund
  5800 | D:4      | Killed from afar by a kobold

Action                   |  1- 3 |  4- 6 || total
-------------------------+-------+-------++-------
Melee: Spear             |   198 |   293 ||   491
 Cast: Infusion          |     5 |     8 ||    13
       Spectral Weapon   |     2 |     8 ||    10
       Regeneration      |       |     1 ||     1
  Use: Scroll            |       |     7 ||     7
       Potion            |       |     4 ||     4
 Stab: Sleeping          |     1 |     2 ||     3
       Distracted        |     2 |     1 ||     3
  Eat: Chunk             |     3 |    15 ||    18
       Bread ration      |       |     1 ||     1
